 Dungeon Crawl Stone Soup version 0.32-a0-42-ga30500b4d3 (webtiles) character file.

Game seed: 14139108109155922506

136483 grandjackal the End of an Era (level 16, 0/143 HPs)
             Began as a Demonspawn Gladiator on Jan 30, 2024.
             Was the Champion of Qazlal.
             Succumbed to a fenstrider witch's toxic sludge
             ... while paralysed by a fenstrider witch
             ... on level 3 of the Swamp.
             The game lasted 00:37:49 (25758 turns).

grandjackal the End of an Era (DsGl)               Turns: 25758, Time: 00:37:49

Health: 0/143      AC: 25    Str: 20    XL:     16   Next: 66%
Magic:  30/30      EV:  2    Int:  8    God:    Qazlal [******]
Gold:   3904       SH:  0    Dex: 18    Spells: 15/15 levels left

rFire   + .          .
                       - Unarmed
rCold   + . .        (no shield)
rNeg    . . .        k - +2 ring mail {rF+}
rPois   +            c - +2 helmet
rElec   .            p - +2 cloak
rCorr   .            (gloves unavailable)
SInv    .            F - +2 pair of boots
Will    +....        x - amulet of reflection
Stlth   +            C - ring of flight
HPRegen 0.43/turn    N - ring of protection from cold
MPRegen 0.22/turn

%: repel missiles, reflection
@: paralysed, lethally poisoned (0 -> -6), protected from physical damage,
flying, studying 2 skills
A: slimy green scales 3, demonic guardian 1, powered by death 2, black mark,
bedeviling, demonic touch 3, persistent drain
a: Renounce Religion, Upheaval, Elemental Force, Disaster Area


You were on level 3 of the Swamp.
You worshipped Qazlal.
Qazlal was exalted by your worship.
You visited 4 branches of the dungeon, and saw 25 of its levels.
You also visited: Sewer, Ossuary, Bailey, Gauntlet and Ice Cave.

You collected 5642 gold pieces.
You spent 1738 gold pieces at shops.

Inventory:

Hand Weapons
 K - a +6 scimitar of flaming
Missiles
 d - 5 throwing nets (quivered)
 e - 14 javelins
 G - 9 curare-tipped darts
 Q - 4 silver javelins
Armour
 c - a +2 helmet (worn)
 k - a +2 ring mail of fire resistance (worn)
 p - a +2 cloak (worn)
 F - a +2 pair of boots (worn)
 X - a +1 plate armour of poison resistance
Jewellery
 g - the ring "Qaybloc" {Str+3 SInv}
   (You found it on level 9 of the Dungeon)

   [ring of see invisible]

   Str+3:     It affects your strength (+3).
   SInv:      It lets you see invisible.
 l - a ring of see invisible
 o - a ring of resist corrosion
 u - a ring of protection from fire
 x - an amulet of reflection (around neck)
 y - a ring of protection from fire
 C - a ring of flight (left hand)
 N - a ring of protection from cold (right hand)
Wands
 t - a wand of polymorph (13)
 v - a wand of digging (12)
 w - a wand of flame (55)
 E - a wand of paralysis (37)
 R - a wand of light (29)
 S - a wand of mindburst (19)
 T - a wand of iceblast (10)
Scrolls
 f - 2 scrolls of butterflies
 i - 12 scrolls of fog
 m - 9 scrolls of immolation
 n - 10 scrolls of teleportation
 q - 6 scrolls of blinking
 s - 6 scrolls of revelation
 A - 5 scrolls of enchant armour
 D - 2 scrolls of fear
 J - 2 scrolls of silence
 O - a scroll of vulnerability
 V - 2 scrolls of poison
 Z - a scroll of torment
Potions
 a - 5 potions of mutation
 b - 3 potions of heal wounds
 h - 2 potions of lignification
 j - a potion of invisibility
 r - 13 potions of curing
 z - 3 potions of attraction
 B - 5 potions of brilliance
 H - a potion of enlightenment
 I - 5 potions of resistance
 L - 2 potions of magic
 P - 2 potions of might
 U - 2 potions of berserk rage
 W - 2 potions of cancellation
Miscellaneous
 M - a phial of floods
 Y - a condenser vane


   Skills:
 + Level 17.8 Fighting
 - Level 3.0 Long Blades
 - Level 2.0 Throwing
 + Level 6.8 Armour
 - Level 3.0 Dodging
 + Level 17.9 Unarmed Combat
 - Level 21.2 Invocations


You had 15 spell levels left.
You didn't know any spells.
Your spell library contained the following spells:

 Spells                   Type           Power      Damage    Failure   Level
 Apportation              Tloc           0%         N/A       56%         1
 Necrotise                Necr           0%         1d4       56%         1
 Call Imp                 Summ           0%         N/A       71%         2
 Jinxbite                 Hex            0%         N/A       71%         2
 Sublimation of Blood     Necr           0%         N/A       71%         2
 Call Canine Familiar     Summ           0%         N/A       90%         3
 Sigil of Binding         Hex            0%         N/A       90%         3
 Swiftness                Air            0%         N/A       90%         3
 Tukima's Dance           Hex            0%         N/A       90%         3
 Vampiric Draining        Necr           0%         2d6       90%         3
 Volatile Blastmotes      Fire/Tloc      0%         2d10      90%         3
 Brom's Barrelling Bould  Conj/Erth      0%         2d3       100%        4
 Dimensional Bullseye     Hex/Tloc       0%         N/A       100%        4
 Fulminant Prism          Conj/Alch      0%         3d5       100%        4
 Iskenderun's Mystic Bla  Conj/Tloc      0%         2d3       100%        4
 Martyr's Knell           Necr/Summ      0%         N/A       100%        4
 Summon Lightning Spire   Summ/Air       0%         N/A       100%        4
 Alistair's Intoxication  Alch           0%         N/A       100%        5
 Curse of Agony           Necr           0%         N/A       100%        5
 Fireball                 Conj/Fire      0%         3d3       100%        5
 Irradiate                Conj/Alch      0%         3d11      100%        5
 Iskenderun's Battlesphe  Conj           0%         2d6       100%        5
 Summon Forest            Summ/Tloc      0%         N/A       100%        5
 Yara's Violent Unravell  Hex/Alch       0%         3d3       100%        5
 Conjure Ball Lightning   Conj/Air       0%         3x3d6     100%        6
 Eringya's Noxious Bog    Alch           0%         4d6       100%        6
 Enfeeble                 Hex            0%         N/A       100%        7
 Orb of Destruction       Conj           0%         9d5       100%        7
 Summon Hydra             Summ           0%         N/A       100%        7
 Maxwell's Capacitive Co  Air            0%         ∞         100%        8


Dungeon Overview and Level Annotations

Branches:
Dungeon (15/15)            Temple (0/1) D:7            Lair (5/5) D:11
  Swamp (3/4) Lair:3       Spider (0/4) Lair:2        Slime (0/5) Lair:5
    Orc (2/2) D:12            Elf (0/3) Orc:2        Vaults (0/5) D:14
 Depths (0/4) D:15          Sewer (visited)         Ossuary (visited)
 Bailey (visited)           IceCv (visited)         Gauntlet (visited)

Altars:
Ashenzari
Cheibriados
Dithmenos
Fedhas
Gozag
Hepliaklqana
Makhleb
Nemelex Xobeh
Okawaru
Qazlal
Sif Muna
Trog
Yredelemnul
Jiyva

Shops:
D:6 *   Orc:1 :   Orc:2 (!(!

Annotations:
Swamp:2 2 transporters, exclusion: obsidian statue
Swamp:3 Donald


Innate Abilities, Weirdness & Mutations

You are completely covered in slimy green scales. (AC +4, rPois)
A weak demonic guardian rushes to your aid.
You regenerate health from kills.
Your melee attacks may debilitate your foes.
Your hexes are more powerful.
Your touch may irresistibly damage your foes and sap their willpower.
Your health recovers twice as slowly from being drained.


Message History

You sap its willpower!
The alligator is severely wounded.
The fenstrider witch gestures at you while chanting.
You suddenly lose the ability to move!
The alligator tail-slaps you but does no damage.
The alligator bites you!
Your rust devil hits the alligator!
The alligator seems to be corroded for longer.
The fenstrider witch points at you and mumbles some strange words.
The toxic sludge hits you!
You are poisoned.
You partially resist.
* * * LOW HITPOINT WARNING * * *
Donald shakes his head.
The alligator tail-slaps your rust devil but does no damage.
The alligator bites your rust devil.
The fenstrider witch gestures at you while chanting.
Your body is wracked with pain!
* * * LOW HITPOINT WARNING * * *
Your rust devil hits the alligator!
The alligator dies!
Qazlal accepts your kill.
You feel very sick.
The fenstrider witch hits you but does no damage.
The fenstrider witch kicks you but does no damage.
Your rust devil hits the swamp worm.
Your rust devil corrodes the swamp worm!
The swamp worm bites you.
* * * LOW HITPOINT WARNING * * *
You feel more protected from physical attacks.
You feel very sick.
The fenstrider witch hits you but does no damage.
The fenstrider witch kicks you.
* * * LOW HITPOINT WARNING * * *
Donald casts a spell.
Donald seems to speed up.
The swamp worm bites you.
* * * LOW HITPOINT WARNING * * *
You feel more protected from physical attacks.
Your rust devil hits the swamp worm!
The swamp worm seems to be corroded for longer.
You die...

~~. §~.. ♣♣♣♣ ..♣ ~§~..♣
♣~.♣♣♣ .~~.
.....~♣♣♣~~..♣♣♣♣.~~~
♣.~~..~...~~.......~~~
..~~~~...~~~....~~~~~^
♣♣...~~§~~~~~~~~°○~@~~..
.†...~~~~~~~...~H○~§~~~~
.....~~~~~~.♣♣♣.@♣~~~~~
~~~~.....~§~♣ ♣.4wn~~~.~
~~~~~~....~.♣ ♣♣♣♣♣~~~~.
~~~~~~.....~♣ ~~~~
~~~~~~.....♣♣ ~~~
~..~~~>..~.~♣♣ §~
♣♣~...§~..~..♣ .
♣♣♣~.~~.♣♣..♣
♣♣.~.♣♣♣♣♣♣


You could see Donald (fast), a fenstrider witch (weak-willed), a swamp worm
(corroded, ally target), a bloated husk and a friendly rust devil (summoned).

Vanquished Creatures
  An orc warlord (Bailey)
  3 ghouls
  2 eleionomae
  A minotaur (Gauntlet)
  3 bunyips (Swamp:2)
  An ettin (Orc:1)
  Josephine (D:14)
  A shambling mangrove (Swamp:3)
  A green death (Gauntlet)
  A fire dragon (D:14)
  An ice dragon (IceCv)
  9 hydras
  A catoblepas (D:14)
  2 ghost crabs (Swamp:1)
  7 alligators
  3 death yaks
  4 centaur warriors
  3 tengu warriors
  A two-headed ogre (D:13)
  A hell hog (Lair:5)
  2 boulder beetles
  3 orc high priests (Orc:2)
  A sphinx skeleton (D:15)
  A spriggan berserker (Swamp:2)
  A vampire mage (D:15)
  Sonja (Lair:1)
  2 skeletal warriors (D:15)
  A skyshark (Lair:4)
  Lodul (D:14)
  A goliath frog (Swamp:1)
  A deep troll (D:14)
  A swamp dragon (Swamp:1)
  9 bog bodies
  7 orc knights
  Pikel (D:4)
  A harpy (D:15)
  4 deep elf pyromancers
  A necromancer (D:15)
  2 wolf spiders (D:15)
  12 ugly things
  A moth of wrath (Gauntlet)
  A will-o-the-wisp (Swamp:1)
  7 orc sorcerers
  2 manticores
  5 black mambas
  5 cyclopes
  A meliai (shapeshifter) (D:14)
  10 elephants (Lair:5)
  4 meliai (D:14)
  7 kobold blastminers
  2 ice statues (IceCv)
  A gargoyle (D:14)
  A torpor snail (Lair:5)
  10 cane toads
  A large abomination (Gauntlet)
  Maggie (D:6)
  A kobold demonologist (D:8)
  2 unseen horrors
  5 rime drakes
  An efreet (D:9)
  9 komodo dragons
  2 freezing wraiths (D:15)
  2 minotaur zombies (Gauntlet)
  A yaktaur (shapeshifter) (D:15)
  A tengu conjurer (D:15)
  4 trolls
  A tarantella (shapeshifter) (D:13)
  A spriggan zombie (D:15)
  10 blink frogs
  4 tyrant leeches
  A hornet (Swamp:2)
  11 polar bears
  4 raiju (Lair:5)
  A spriggan skeleton (D:15)
  3 jumping spiders (Lair:2)
  Sigmund (D:6)
  A spriggan (Swamp:2)
  72 yaks
  3 shadows
  A water elemental (D:14)
  A centaur simulacrum (D:14)
  7 wraiths
  A vampire (D:13)
  2 wyverns
  4 slime creatures
  A yak (shapeshifter) (D:14)
  3 basilisks
  A basilisk (shapeshifter) (D:8)
  4 vampire mosquitoes (D:13)
  8 wargs
  A redback (D:15)
  6 swamp worms
  3 acid dragons
  11 water moccasins
  12 hell hounds (Lair:5)
  2 swamp drakes (Swamp:1)
  14 black bears
  2 ice beasts
  2 laughing skulls (D:13)
  5 small abominations (Gauntlet)
  Pargi (Sewer)
  27 orc warriors
  8 ogres
  45 wolves
  4 boggarts (D:13)
  A crocodile (shapeshifter) (D:15)
  10 centaurs
  A lemure (D:5)
  A phantom (D:5)
  A brain worm (Sewer)
  5 kobold brigands
  16 bullfrogs
  6 elf zombies (Ossuary)
  4 necrophages
  3 scorpions
  16 wights
  2 lindwurm simulacra (IceCv)
  6 killer bees
  6 howler monkeys
  3 electric eels
  3 centaur zombies (Ossuary)
  2 bombardier beetles
  A hound (D:7)
  A human zombie (Ossuary)
  7 komodo dragon simulacra (IceCv)
  5 jellies
  13 orc priests
  2 gnoll boudas
  4 iguanas
  18 orc wizards
  A crocodile zombie (Ossuary)
  3 mummies (Ossuary)
  21 gnolls
  A river rat (D:5)
  5 acid dragon simulacra (IceCv)
  12 adders
  A white imp (D:8)
  6 steam dragon simulacra (IceCv)
  3 dart slugs
  3 ribbon worms
  60 orcs
  9 ball pythons
  17 endoplasms
  3 giant cockroaches
  14 goblins
  10 hobgoblins
  15 kobolds
  5 quokkas
  4 bats
  3 frilled lizards
  8 rats
817 creatures vanquished.

Vanquished Creatures (collateral kills)
  A frost giant (D:15)
  2 alligators
  A goliath frog (Swamp:2)
  2 bog bodies (Swamp:2)
  An ugly thing (D:14)
  2 meliai (D:14)
  A polar bear (Lair:4)
  A hornet (Swamp:2)
  A spriggan (Swamp:2)
  A yak (Lair:4)
  A hell hound (Lair:5)
  A necrophage (Swamp:2)
  A komodo dragon simulacrum (IceCv)
16 creatures vanquished.

Vanquished Creatures (others)
  Nessos (D:15)
  A tengu conjurer (D:14)
  A bloated husk (Swamp:2)
  An orc wizard (Orc:2)
  2 foxfires (Swamp:1)
6 creatures vanquished.

Grand Total: 839 creatures vanquished

Notes
Turn   | Place    | Note
-------+----------+-------------------------------------------
     0 | D:1      | grandjackal the Demonspawn Gladiator began the quest for
                  | the Orb.
     0 | D:1      | Reached XP level 1. HP: 16/16 MP: 1/1
    35 | D:1      | Found a faded altar of an unknown god.
   289 | D:1      | Gained mutation: You are partially covered in slimy green
                  | scales. (AC +2) [demonic ancestry]
   289 | D:1      | Reached XP level 2. HP: 20/22 MP: 2/2
  1068 | D:2      | Gained mutation: Your touch may inflict minor irresistible
                  | damage on your foes. [demonic ancestry]
  1068 | D:2      | Reached XP level 3. HP: 27/28 MP: 3/3
  1807 | D:3      | Reached skill level 1 in Unarmed Combat
  1913 | D:3      | Gained mutation: Your touch may inflict irresistible damage
                  | on your foes. [demonic ancestry]
  1913 | D:3      | Reached XP level 4. HP: 33/35 MP: 4/4
  2354 | D:3      | Gained mutation: Your touch may irresistibly damage your
                  | foes and sap their willpower. [demonic ancestry]
  2354 | D:3      | Reached XP level 5. HP: 27/42 MP: 5/5
  2552 | D:4      | Gained mutation: You are mostly covered in slimy green
                  | scales. (AC +3) [demonic ancestry]
  2552 | D:4      | Reached XP level 6. HP: 10/49 MP: 6/6
  2747 | D:4      | Found a sand-covered staircase.
  2755 | Ossuary  | Entered an ossuary
  2791 | Ossuary  | Reached skill level 5 in Fighting
  2880 | Ossuary  | Reached XP level 7. HP: 50/56 MP: 7/7
  3019 | Ossuary  | Reached skill level 5 in Unarmed Combat
  3430 | D:4      | Found a sparkling altar of Nemelex Xobeh.
  4040 | D:5      | Entered Level 5 of the Dungeon
  4304 | D:5      | Reached XP level 8. HP: 60/65 MP: 8/8
  4442 | D:5      | Found a broken altar of Ashenzari.
  4496 | D:5      | Found a glowing drain.
  4513 | Sewer    | Entered a sewer
  4691 | Sewer    | Noticed Pargi
  4702 | Sewer    | Killed Pargi
  4982 | D:5      | Noticed Pikel
  5021 | D:4      | HP: 3/68 [Pikel/+1 whip of flaming (5)]
  5023 | D:4      | Killed Pikel
  5024 | D:4      | Gained mutation: You regenerate a little health from kills.
                  | [demonic ancestry]
  5024 | D:4      | Reached XP level 9. HP: 31/75 MP: 9/9
  5412 | D:5      | Found a snail-covered altar of Cheibriados.
  5475 | D:5      | Noticed a moth of wrath
  5478 | D:5      | Found a bloodstained altar of Trog.
  5512 | D:5      | Identified the +4 quarterstaff "Kuppoecho" {freeze,
                  | ^Fragile Fly rElec rCorr}
  5793 | D:5      | Found a basalt altar of Yredelemnul.
  5845 | D:6      | Found a stormy altar of Qazlal.
  5870 | D:6      | Noticed Maggie
  5885 | D:6      | Killed Maggie
  6069 | D:6      | Became a worshipper of Qazlal Stormbringer
  6108 | D:6      | Noticed Sigmund
  6118 | D:6      | Killed Sigmund
  6119 | D:6      | Reached skill level 1 in Invocations
  6122 | D:6      | Reached skill level 2 in Invocations
  6327 | D:6      | Found Xylinass's Overcharged Wands.
  6409 | D:7      | Reached skill level 3 in Invocations
  6722 | D:7      | Found an iron altar of Okawaru.
  6885 | D:7      | Found a staircase to the Ecumenical Temple.
  7275 | D:7      | Found a hazy altar of Hepliaklqana.
  7434 | D:8      | Reached skill level 4 in Invocations
  7860 | D:8      | Reached skill level 5 in Invocations
  8003 | D:8      | Reached * piety under Qazlal
  8004 | D:8      | Gained mutation: You regenerate health from kills. [demonic
                  | ancestry]
  8004 | D:8      | Reached XP level 10. HP: 21/76 MP: 13/13
  8123 | D:8      | Reached skill level 10 in Fighting
  8191 | D:8      | Reached skill level 6 in Invocations
  8727 | D:8      | Found an opulent altar of Gozag.
  9027 | D:9      | Noticed a tengu warrior
  9030 | D:9      | Gained mutation: Your health recovers twice as slowly from
                  | being drained. [potion of mutation]
  9041 | D:9      | Killed a tengu warrior
  9042 | D:9      | Reached skill level 7 in Invocations
  9207 | D:9      | Reached ** piety under Qazlal
  9253 | D:9      | Identified the ring "Qaybloc" {Str+3 SInv}
  9373 | D:9      | Found a flagged portal.
  9432 | Bailey   | Entered a bailey
  9472 | Bailey   | Reached skill level 8 in Invocations
  9540 | Bailey   | Noticed an orc knight
  9552 | Bailey   | Killed an orc knight
  9566 | Bailey   | Gained mutation: You are completely covered in slimy green
                  | scales. (AC +4, rPois) [demonic ancestry]
  9566 | Bailey   | Reached XP level 11. HP: 47/93 MP: 17/17
  9634 | Bailey   | Noticed an orc warlord
  9647 | Bailey   | Killed an orc warlord
  9648 | Bailey   | Reached skill level 10 in Unarmed Combat
  9648 | Bailey   | Reached skill level 9 in Invocations
  9697 | Bailey   | Reached skill level 14 in Invocations
  9697 | Bailey   | Gained mutation: Your hexes are more powerful. [demonic
                  | ancestry]
  9697 | Bailey   | Reached XP level 12. HP: 100/100 MP: 17/22
  9731 | D:9      | Found a shadowy altar of Dithmenos.
 10169 | D:10     | Entered Level 10 of the Dungeon
 10196 | D:10     | Reached *** piety under Qazlal
 10573 | D:10     | Found a burning altar of Makhleb.
 10978 | D:10     | Found a shimmering blue altar of Sif Muna.
 11145 | D:11     | Found a staircase to the Lair.
 11286 | D:11     | Reached skill level 15 in Invocations
 11873 | D:12     | Found a blossoming altar of Fedhas.
 11969 | D:12     | Noticed a boulder beetle
 11980 | D:12     | Killed a boulder beetle
 12166 | D:12     | Reached **** piety under Qazlal
 12270 | D:12     | Found a staircase to the Orcish Mines.
 12465 | Lair:1   | Entered Level 1 of the Lair of Beasts
 12540 | Lair:1   | Found the +5 robe of Misfortune {Harm *Corrode *Slow EV+5}
 12663 | Lair:1   | Reached skill level 16 in Invocations
 12700 | Lair:1   | Reached XP level 13. HP: 84/109 MP: 25/25
 12716 | Lair:1   | You fall into a shaft and drop 1 floor!
 13015 | Lair:2   | Found a hole to the Spider Nest.
 13190 | Lair:1   | Noticed Sonja
 13218 | Lair:1   | Killed Sonja
 14449 | Lair:2   | Reached ***** piety under Qazlal
 14454 | Lair:2   | Reached skill level 17 in Invocations
 15395 | Lair:3   | Found a staircase to the Swamp.
 16190 | Lair:4   | Found a gate leading to a gauntlet.
 16201 | Gauntlet | Entered a Gauntlet
 16201 | Gauntlet | Found a transporter.
 16201 | Gauntlet | Found a transporter.
 16213 | Gauntlet | Found a transporter.
 16213 | Gauntlet | Found a transporter.
 16218 | Gauntlet | Found a runed translucent door.
 16224 | Gauntlet | Found a transporter.
 16229 | Gauntlet | Found a transporter.
 16233 | Gauntlet | Noticed a green death
 16239 | Gauntlet | Found a transporter.
 16255 | Gauntlet | Found a transporter.
 16269 | Gauntlet | Found a transporter.
 16273 | Gauntlet | Found a transporter.
 16282 | Gauntlet | Found a transporter.
 16285 | Gauntlet | Found a transporter.
 16325 | Gauntlet | Gained mutation: A weak demonic guardian rushes to your
                  | aid. [demonic ancestry]
 16325 | Gauntlet | Reached XP level 14. HP: 120/120 MP: 26/26
 16437 | Gauntlet | Reached skill level 18 in Invocations
 16465 | Gauntlet | Identified the +5 hand axe "Ityfoq" {drain, Str+4}
 16519 | Gauntlet | Identified the scarf "Tuggonox" {repulsion, rElec Str+3
                  | Int+3 Stlth-}
 17049 | Lair:5   | Entered Level 5 of the Lair of Beasts
 17605 | Lair:5   | Reached ****** piety under Qazlal
 17606 | Lair:5   | Reached skill level 15 in Fighting
 17671 | Lair:5   | Reached skill level 19 in Invocations
 17980 | Lair:5   | Identified the +8 broad axe "Kula" {elec, rCorr}
 18464 | Lair:5   | Found a staircase to the Slime Pits.
 18464 | Lair:5   | Found a viscous altar of Jiyva.
 18724 | Orc:1    | Entered Level 1 of the Orcish Mines
 18936 | Orc:1    | Found Filuff's Book Emporium.
 18945 | Orc:1    | Bought a manual of Unarmed Combat for 1280 gold pieces
 19359 | Orc:2    | Entered Level 2 of the Orcish Mines
 19431 | Orc:2    | Reached XP level 15. HP: 117/130 MP: 28/28
 19713 | Orc:2    | Found a staircase to the Elven Halls.
 19934 | Orc:2    | Paralysed by an orc sorcerer for 4 turns
 19944 | Orc:2    | Found Gaudiqej's Distillery.
 19944 | Orc:2    | Found Ipoxegin's Weapon Shoppe.
 19953 | Orc:2    | Found Duptociph's Weapon Shop.
 19953 | Orc:2    | Found Oskemum's Distillery.
 20000 | Orc:2    | Bought a potion of curing for 30 gold pieces
 20000 | Orc:2    | Bought 2 potions of heal wounds for 100 gold pieces
 20000 | Orc:2    | Bought a potion of might for 40 gold pieces
 20011 | Orc:2    | Bought a potion of magic for 144 gold pieces
 20011 | Orc:2    | Bought a potion of cancellation for 144 gold pieces
 20444 | D:12     | Reached skill level 20 in Invocations
 20586 | D:13     | Reached skill level 15 in Unarmed Combat
 20606 | D:13     | Found a frozen archway.
 20620 | IceCv    | Entered an ice cave
 20919 | IceCv    | Identified 4 scrolls of acquirement
 20919 | IceCv    | Acquired 1045 gold pieces
 20968 | IceCv    | Got the Spellbook of the Prime Nimbus
 21486 | D:13     | Found an opulent altar of Gozag.
 21579 | D:14     | Noticed Lodul
 21593 | D:14     | Killed Lodul
 21618 | D:14     | Noticed Josephine
 21629 | D:14     | Killed Josephine
 21991 | D:14     | Paralysed by a meliai for 3 turns
 22616 | D:14     | Found a gate to the Vaults.
 22917 | D:15     | Entered Level 15 of the Dungeon
 22963 | D:15     | Reached skill level 21 in Invocations
 23166 | D:15     | Found a staircase to the Depths.
 23184 | D:15     | Gained mutation: Your melee attacks may debilitate your
                  | foes. [demonic ancestry]
 23184 | D:15     | Reached XP level 16. HP: 104/139 MP: 30/30
 23467 | D:15     | Noticed Nessos
 23480 | D:15     | Killed Nessos
 23918 | D:15     | Acquired a manual of Armour
 23920 | D:15     | Acquired 618 gold pieces
 23922 | D:15     | Acquired 873 gold pieces
 24109 | Swamp:1  | Entered Level 1 of the Swamp
 24126 | Swamp:1  | Reached skill level 1 in Armour
 24800 | Swamp:2  | Found the +8 Wrath of Trog {antimagic, *Rage Rampage}
 24950 | Swamp:2  | Reached skill level 5 in Armour
 25258 | Swamp:2  | Noticed a tentacled monstrosity
 25260 | Swamp:2  | Found a transporter.
 25362 | Swamp:2  | Found a transporter.
 25751 | Swamp:3  | Noticed Donald
 25754 | Swamp:3  | Paralysed by a fenstrider witch for 5 turns
 25757 | Swamp:3  | HP: 2/143 [swamp worm (6)]
 25758 | Swamp:3  | Succumbed to a fenstrider witch's toxic sludge

Illustrated notes

Levels and vault maps discovered:
D:1:      dpeg_arrival_rooms_c, layout_basic, ebering_ecumenical_altar_abandoned
D:2:      layout_basic, kennysheep_small_spiral
D:3:      layout_basic, minmay_circle_x
D:4:      layout_layer_cave, nemelex_spade_bored_becter,
          nicolae_ossuary_entry_ruins
D:5:      layout_layer_cave, kennysheep_ying_yang, cheibriados_altar_1,
          tgw_trog, nicolae_overflow_crystal_walls, portal_sewer_entry_c,
          hangedman_decor_opposing, uniq_pikel
D:6:      layout_basic, grunt_qazlal_sundering, nicolae_shop_overcharged_wands,
          uniq_sigmund, uniq_maggie
D:7:      layout_basic, mainiacjoe_overflow_tiny_flanked,
          okawaru_metal_pillars_1_2, minmay_temple_entry_stoned_glass
D:8:      layout_layer_cave, lemuel_coloured_pillars_altar
D:9:      layout_long_grid, grunt_dithmenos_smoke, enter_bailey_2,
          minmay_radiant
D:10:     layout_cave_pods, tgw_sif, bloody_makhleb, tso_altar
D:11:     layout_cave_pools, lair_entry_dummy, serial_column_ruins,
          column_ruins_columns_straight, column_ruins_grid_1,
          column_ruins_corridor_straight, column_ruins_grid_3,
          column_ruins_corridor_dead_end, column_ruins_grid_1,
          serial_bayou_pond_a
D:12:     layout_roguey, minmay_orc_entry_temple_small, grunt_ministairs_8,
          fedhas_altar_fruit_tree
D:13:     layout_rooms, portal_ice_cave_entry_pillars_2,
          nicolae_gozag_seed_capital
D:14:     layout_big_octagon, david_vaults_4, nicolae_zig_zag_zippers,
          chequers_serial_rivers_room_b, grunt_ministairs_8, uniq_josephine,
          uniq_lodul
D:15:     gammafunk_depths_entry_grave, layout_rooms, chequers_jeans,
          minmay_evil_grid, uniq_nessos
Lair:1:   wad_woods_pond, layout_hall_layers, small_statue_intersection,
          pdpol_lair_neglected_garden, uniq_sonja
Lair:2:   layout_regular_city, spider_nest_entry_a, beast_lair_carwin_4
Lair:3:   layout_regular_city, swamp_mist, serial_bayou_shore_a,
          grunt_megastairs_3, infiniplex_staircase_pool, lemuel_fruit_tree
Lair:4:   layout_hall_layers, gauntlet_entry_generic, st_stairs_8,
          infiniplex_staircase_pool_2
Lair:5:   hangedman_lair_caniforms_friends, layout_long_grid, slime_entry_1,
          grunt_forest_large_clearings
Swamp:1:  layout_basic_swamp, evilmike_swamp_ruin_house_1, swamp_pool_4,
          nicolae_swamp_decorative_isthmus, nicolae_swamp_long_stream
Swamp:2:  gammafunk_sealed_arena, layout_basic_swamp,
          evilmike_swamp_ruin_rubble_2, swamp_pool_3, hangedman_swamp_ravenous
Swamp:3:  layout_basic_swamp, nicolae_swamp_fairy_circle, swamp_pool_1_2,
          nicolae_swamp_well_well_well, nzn_swamp_weyward_sisters, uniq_donald
Orc:1:    layout_diamond_mine, serial_shops, shop, nicolae_orc_hostile_takeover
Orc:2:    st_orc_elflike, layout_diamond_mine

Skill      XL: |  1  2  3  4  5  6  7  8  9 10 11 12 13 14 15 16 |
---------------+-------------------------------------------------+-----
Throwing       | 2 |  2.0
Long Blades    | 3 |  3.0
Dodging        | 3 |  3.0
Fighting       | 3 4 5 6 8 9 11 12 14 15 17 | 17.8
Unarmed Combat | 1 2 3 4 5 7 8 9 10 11 12 14 16 17 | 17.9
Invocations    | 5 8 14 16 17 19 21 | 21.2
Armour         | 6 |  6.8

Action                     |  1- 3 |  4- 6 |  7- 9 | 10-12 | 13-15 | 16-18 || total
---------------------------+-------+-------+-------+-------+-------+-------++-------
  Melee: Long sword        |    89 |    46 |       |       |       |       ||   135
         Punch             |     3 |     3 |    10 |    34 |   144 |    31 ||   225
         Touch             |     3 |    39 |    70 |   116 |   288 |    64 ||   580
         Unarmed           |       |    87 |   354 |   479 |  1253 |   224 ||  2397
         Scimitar          |       |       |       |       |    13 |       ||    13
 Invoke: Upheaval          |       |       |       |     2 |     5 |       ||     7
         Elemental Force   |       |       |       |       |       |     2 ||     2
    Use: Potion            |       |     1 |     3 |     7 |     1 |       ||    12
         Scroll            |       |       |     7 |     8 |    14 |     6 ||    35
   Stab: Distracted        |       |     1 |       |       |     1 |       ||     2
         Sleeping          |       |       |     2 |       |       |       ||     2
         Invisible         |       |       |       |     3 |       |       ||     3
         Paralysed         |       |       |       |       |       |     2 ||     2
 Armour: Leather armour    |    11 |       |       |       |       |       ||    11
         Ring mail         |    41 |    86 |   239 |   245 |   811 |   164 ||  1586
         Acid dragon scale |       |       |       |    56 |       |       ||    56
  Dodge: Dodged            |    45 |    77 |   213 |   255 |   581 |    66 ||  1237
         Repelled          |       |       |       |       |    12 |     4 ||    16
  Block: Other             |       |       |       |    77 |   536 |    85 ||   698
         Reflection        |       |       |       |       |    20 |     8 ||    28

Table legend: (Time is in decaauts)
 A = Elapsed time spent in this place.
 B = Non-inter-level travel time spent in this place.
 C = Inter-level travel time spent in this place.
 D = Time resting spent in this place.
 E = Time spent auto-exploring this place.
 F = Levels seen in this place.
 G = Mean time per level.
                   A        B        C        D        E       F      G
               +--------+--------+--------+--------+--------+-----+--------+
         Total |  25372 |  24172 |   1200 |   2876 |  15552 |  30 |  845.7 |
       Dungeon |  14503 |  13903 |    600 |   1809 |   9198 |  15 |  966.9 |
          Lair |   5917 |   5545 |    372 |    613 |   3789 |   5 | 1183.4 |
         Swamp |   1533 |   1462 |     71 |     29 |   1136 |   3 |  511.0 |
  Orcish Mines |   1590 |   1434 |    156 |     30 |   1115 |   2 |  795.0 |
         Sewer |    327 |    327 |      0 |     86 |     87 |   1 |  327.0 |
       Ossuary |    312 |    312 |      0 |    100 |     45 |   1 |  312.0 |
        Bailey |    270 |    270 |      0 |      0 |     11 |   1 |  270.0 |
      Ice Cave |    608 |    608 |      0 |    200 |    171 |   1 |  608.0 |
      Gauntlet |    310 |    310 |      0 |      9 |      0 |   1 |  310.0 |
               +--------+--------+--------+--------+--------+-----+--------+

Top non-repeatable levels by time:
     D:4: 1746 daAuts
     D:8: 1629 daAuts
  Lair:1: 1479 daAuts
  Lair:5: 1331 daAuts
  Lair:2: 1271 daAuts
    D:14: 1120 daAuts
     D:5: 1099 daAuts
     D:7: 1064 daAuts
  Lair:3: 1009 daAuts
    D:15: 993 daAuts
     D:1: 971 daAuts
   Orc:2: 922 daAuts
    D:10: 918 daAuts
    D:12: 848 daAuts
  Lair:4: 825 daAuts
